MLB
KANSAS CITY ROYALS @ MINNESOTA TWINS
08/14/2024
 
TOP OF THE 1ST
Kansas City Royals batting - Pitching for Minnesota Twins : LHP Marco Gonzales
Pitching: LHP Marco Gonzales
Batting: LHB Corbin Carroll 0-0: Called Strike
0-1: Ball
1-1: SOLO HOME RUN (Flyball, 9D, EV 96.9 MPH), Distance : 395 ft
Batting: RHB J.T. Realmuto 0-0: Ball
1-0: SINGLE (Line Drive, 34D, EV 106.3 MPH)
Batting: RHB Willy Adames 0-0: Ball
1-0: Ball
2-0: Ball
3-0: Base on Balls
J.T. Realmuto to second
Batting: LHB Rafael Devers 0-0: Called Strike
0-1: Ball
1-1: Foul Ball, location: 2RF
1-2: Foul Ball, location: 23F
1-2: Strikes out looking
Batting: RHB Rhys Hoskins 0-0: Ball
1-0: Foul Ball, location: 2F
1-1: Called Strike
1-2: Fielders Choice at 2nd, 6-4 (Groundball, 56, EV 83.8 MPH)
J.T. Realmuto to third
Batting: RHB Matt Chapman 0-0: Ball
Wild Pitch!
J.T. Realmuto scores
Rhys Hoskins to second
1-0: 2-RUN HOME RUN (Flyball, 8LXD, EV 104.4 MPH), Distance : 427 ft
Batting: LHB Daulton Varsho 0-0: Ball
1-0: Swinging Strike
1-1: Foul Ball, location: 23F
1-2: Ball
2-2: Foul Ball, location: 25F
2-2: Ground out 6-3 (Groundball, 6M, EV 103.1 MPH)
Top of the 1st over - 4 runs, 3 hits, 0 errors, 0 left on base; Kansas City 4 - Minnesota 0
BOTTOM OF THE 1ST
Minnesota Twins batting - Pitching for Kansas City Royals : LHP Reid Detmers
Pitching: LHP Reid Detmers
Batting: LHB Garrett Mitchell 0-0: Called Strike
0-1: Swinging Strike
0-2: Strikes out looking
Batting: RHB Andrew McCutchen 0-0: Ball
1-0: Ball
2-0: Ball
3-0: Called Strike
3-1: Base on Balls
Batting: RHB Hunter Renfroe 0-0: Called Strike
0-1: Called Strike
Andrew McCutchen is caught stealing 2nd base 2-4
0-2: Ball
1-2: SOLO HOME RUN (Flyball, 9D, EV 109.4 MPH), Distance : 397 ft
Batting: RHB Patrick Wisdom 0-0: Called Strike
0-1: Ball
1-1: Ball
2-1: Foul Ball, location: 5FF
2-2: SINGLE (Line Drive, 7S, EV 88.1 MPH)
Batting: RHB C.J. Cron 0-0: Ball
1-0: Ball
2-0: Ground out U3 (Groundball, 23, EV 80.0 MPH)
Bottom of the 1st over - 1 run, 2 hits, 0 errors, 1 left on base; Kansas City 4 - Minnesota 1
TOP OF THE 2ND
Kansas City Royals batting - Pitching for Minnesota Twins : LHP Marco Gonzales
Batting: RHB Mark Canha 0-0: Foul Ball, location: 5DF
0-1: Swinging Strike
0-2: Ground out 5-3 (Groundball, 56, EV 87.5 MPH)
Batting: RHB Justin Foscue 0-0: Ball
1-0: Foul Ball, location: 2F
1-1: Ball
2-1: Foul Ball, location: 9LMF
2-2: Ball
3-2: Ground out 5-3 (Groundball, 15, EV 85.6 MPH)
Batting: LHB Corbin Carroll 0-0: Ball
1-0: Ball
2-0: Called Strike
2-1: Reached on error, E6 (Groundball, 6, EV 102.5 MPH)
Batting: RHB J.T. Realmuto 0-0: Ball
1-0: Ball
2-0: Called Strike
2-1: Fielders Choice at 2nd, 5-4 (Groundball, 5, EV 88.8 MPH)
Top of the 2nd over - 0 runs, 0 hits, 1 error, 1 left on base; Kansas City 4 - Minnesota 1
BOTTOM OF THE 2ND
Minnesota Twins batting - Pitching for Kansas City Royals : LHP Reid Detmers
Batting: RHB Paul Dejong 0-0: Ball
1-0: Called Strike
1-1: Swinging Strike
1-2: Foul Ball, location: 2F
1-2: Ball
2-2: Foul Ball, location: 2F
2-2: Ground out 5-3 (Groundball, 56, EV 110.0 MPH)
Batting: RHB Max Stassi 0-0: Called Strike
0-1: Called Strike
0-2: Foul Ball, location: 2F
0-2: Strikes out swinging, 2-3 out at first.
Batting: RHB Kevin Newman 0-0: Ball
1-0: Ball
2-0: Ball
3-0: Base on Balls
Batting: LHB Sam Hilliard 0-0: Called Strike
0-1: Ball
1-1: Ball
2-1: Swinging Strike
2-2: Ball
3-2: Foul Ball, location: 9LSF
3-2: SINGLE (Groundball, 34D, EV 96.3 MPH)
Kevin Newman to second
Kevin Newman to third
Batting: LHB Garrett Mitchell 0-0: Called Strike
0-1: Foul Ball, location: 2F
0-2: Foul Ball, location: 3FF
0-2: Ground out 4-3 (Groundball, 4, EV 101.9 MPH)
Bottom of the 2nd over - 0 runs, 1 hit, 0 errors, 2 left on base; Kansas City 4 - Minnesota 1
TOP OF THE 3RD
Kansas City Royals batting - Pitching for Minnesota Twins : LHP Marco Gonzales
Batting: RHB Willy Adames 0-0: Fly out, F8 (Line Drive, 89M, EV 80.0 MPH)
Batting: LHB Rafael Devers 0-0: SINGLE (Line Drive, 8LS, EV 110.6 MPH)
Batting: RHB Rhys Hoskins 0-0: Ball
1-0: Ball
2-0: Fly out, F7 (Flyball, 7S, EV 93.8 MPH)
Batting: RHB Matt Chapman 0-0: SINGLE (Line Drive, 56D, EV 97.5 MPH)
Rafael Devers to second
Batting: LHB Daulton Varsho 0-0: Ball
1-0: Foul Ball, location: 5FF
1-1: Ball
2-1: DOUBLE (Flyball, 89D, EV 101.3 MPH)
Rafael Devers scores
Matt Chapman to third
Runner from 3rd tries for Home, SAFE, throw by RF to trailing runner, SAFE at third!
Batting: RHB Mark Canha 0-0: Foul Ball, location: 9LSF
0-1: Ground out 4-3 (Groundball, 4, EV 105.6 MPH)
Top of the 3rd over - 2 runs, 3 hits, 0 errors, 1 left on base; Kansas City 6 - Minnesota 1
BOTTOM OF THE 3RD
Minnesota Twins batting - Pitching for Kansas City Royals : LHP Reid Detmers
Batting: RHB Andrew McCutchen 0-0: Ball
1-0: Called Strike
1-1: Swinging Strike
1-2: Ball
2-2: Strikes out swinging
Batting: RHB Hunter Renfroe 0-0: SINGLE (Flyball, 7LS, EV 91.3 MPH)
Batting: RHB Patrick Wisdom 0-0: Swinging Strike
0-1: Foul Ball, location: 9LDF
0-2: Foul Ball, location: 2RF
0-2: Strikes out swinging
Batting: RHB C.J. Cron 0-0: Called Strike
0-1: Swinging Strike
0-2: Ball
1-2: Strikes out swinging
Bottom of the 3rd over - 0 runs, 1 hit, 0 errors, 1 left on base; Kansas City 6 - Minnesota 1
TOP OF THE 4TH
Kansas City Royals batting - Pitching for Minnesota Twins : LHP Marco Gonzales
Batting: RHB Justin Foscue 0-0: Ball
1-0: Ball
2-0: Called Strike
2-1: SOLO HOME RUN (Line Drive, 7D, EV 96.3 MPH), Distance : 372 ft
Batting: LHB Corbin Carroll 0-0: Ground out 4-3 (Groundball, 4, EV 103.1 MPH)
Batting: RHB J.T. Realmuto 0-0: Fly out, F5 (Popup, 5S, EV 76.3 MPH)
Batting: RHB Willy Adames 0-0: Ball
1-0: Ball
2-0: Called Strike
2-1: Ball
3-1: Base on Balls
Batting: LHB Rafael Devers 0-0: Ball
Willy Adames steals 2nd base
1-0: Ball
2-0: Called Strike
2-1: Fly out, F9 (Line Drive, 9S, EV 98.8 MPH)
Top of the 4th over - 1 run, 1 hit, 0 errors, 1 left on base; Kansas City 7 - Minnesota 1
BOTTOM OF THE 4TH
Minnesota Twins batting - Pitching for Kansas City Royals : LHP Reid Detmers
Batting: RHB Paul Dejong 0-0: Fly out, F8 (Flyball, 8LM, EV 92.5 MPH)
Batting: RHB Max Stassi 0-0: Ball
1-0: Called Strike
1-1: Called Strike
1-2: Fly out, F9 (Flyball, 89D, EV 105.0 MPH)
Batting: RHB Kevin Newman 0-0: Called Strike
0-1: Ball
1-1: SINGLE (Line Drive, 89S, EV 108.8 MPH)
Batting: LHB Sam Hilliard 0-0: Fly out, F8 (Flyball, 8RM, EV 98.1 MPH)
Bottom of the 4th over - 0 runs, 1 hit, 0 errors, 1 left on base; Kansas City 7 - Minnesota 1
TOP OF THE 5TH
Kansas City Royals batting - Pitching for Minnesota Twins : LHP Marco Gonzales
Pitching: RHP Easton McGee
Batting: RHB Rhys Hoskins 0-0: Called Strike
0-1: SINGLE (Line Drive, 78S, EV 91.3 MPH)
Batting: RHB Matt Chapman 0-0: Called Strike
0-1: Ball
1-1: Fly out, F5 (Popup, 5S, EV 78.8 MPH)
Batting: LHB Daulton Varsho 0-0: Called Strike
0-1: Called Strike
0-2: Foul Ball, location: 3F
0-2: Ball
1-2: Foul Ball, location: 7LDF
1-2: Ball
2-2: Strikes out swinging
Batting: RHB Mark Canha 0-0: Foul Ball, location: 2F
0-1: Ball
1-1: Swinging Strike
1-2: Ball
2-2: Hit by Pitch
Rhys Hoskins to second
Batting: RHB Justin Foscue 0-0: Called Strike
0-1: Ball
1-1: Called Strike
1-2: Strikes out swinging
Top of the 5th over - 0 runs, 1 hit, 0 errors, 2 left on base; Kansas City 7 - Minnesota 1
BOTTOM OF THE 5TH
Minnesota Twins batting - Pitching for Kansas City Royals : LHP Reid Detmers
Batting: LHB Garrett Mitchell 0-0: Ball
1-0: Called Strike
1-1: Ball
2-1: Foul Ball, location: 5DF
2-2: Foul Ball, location: 23F
2-2: Strikes out swinging
Batting: RHB Andrew McCutchen 0-0: Ball
1-0: Ball
2-0: Ball
3-0: Called Strike
3-1: Base on Balls
Batting: RHB Hunter Renfroe 0-0: Ground out 5-3 (Groundball, 56S, EV 72.5 MPH)
Andrew McCutchen to second
Batting: RHB Patrick Wisdom 0-0: Ground out 6-3 (Groundball, 56, EV 103.1 MPH)
Bottom of the 5th over - 0 runs, 0 hits, 0 errors, 1 left on base; Kansas City 7 - Minnesota 1
TOP OF THE 6TH
Kansas City Royals batting - Pitching for Minnesota Twins : RHP Easton McGee
Batting: LHB Corbin Carroll 0-0: Ball
1-0: Ball
2-0: Called Strike
2-1: Ball
3-1: Foul Ball, location: 5FF
3-2: Strikes out swinging
Batting: RHB J.T. Realmuto 0-0: Ball
1-0: Ball
2-0: Fly out, F9 (Flyball, 9LMF, EV 90.0 MPH)
Batting: RHB Willy Adames 0-0: Called Strike
0-1: Ball
1-1: SINGLE (Line Drive, 6D, EV 105.6 MPH)
Batting: LHB Rafael Devers 0-0: Ball
Willy Adames is caught stealing 2nd base 2-6
Top of the 6th over - 0 runs, 1 hit, 0 errors, 0 left on base; Kansas City 7 - Minnesota 1
BOTTOM OF THE 6TH
Minnesota Twins batting - Pitching for Kansas City Royals : LHP Reid Detmers
Batting: RHB C.J. Cron 0-0: Swinging Strike
0-1: Swinging Strike
0-2: Ball
1-2: Ball
2-2: Strikes out swinging
Batting: RHB Paul Dejong 0-0: Ball
1-0: Ball
2-0: Foul Ball, location: 2F
2-1: Called Strike
2-2: Ball
3-2: Base on Balls
Pitching: RHP Lance McCullers
Batting: RHB Max Stassi 0-0: Called Strike
0-1: Ball
Wild Pitch!
Paul Dejong to second
1-1: Foul Ball, location: 3FF
1-2: Ball
2-2: Foul Ball, location: 2F
2-2: Ball
3-2: Base on Balls
Batting: RHB Kevin Newman 0-0: Foul Ball, location: 23F
0-1: Called Strike
0-2: DOUBLE (Line Drive, 7LM, EV 98.8 MPH)
Paul Dejong scores
Max Stassi to third
Runner from 3rd tries for Home, SAFE, no throw by LF
Batting: LHB Sam Hilliard 0-0: Called Strike
0-1: Ball
1-1: Ball
2-1: Foul Ball, location: 2F
2-2: Strikes out swinging
Batting: LHB Garrett Mitchell 0-0: Called Strike
0-1: Ball
1-1: Foul Ball, location: 9LMF
1-2: Ball
2-2: Strikes out swinging
Bottom of the 6th over - 2 runs, 1 hit, 0 errors, 1 left on base; Kansas City 7 - Minnesota 3
TOP OF THE 7TH
Kansas City Royals batting - Pitching for Minnesota Twins : RHP Easton McGee
Pitching: RHP Hagen Danner
Batting: LHB Rafael Devers 0-0: Called Strike
0-1: Foul Ball, location: 5F
0-2: Ball
1-2: Ball
2-2: Ground out 6-3 (Groundball, 6M, EV 86.3 MPH)
Batting: RHB Rhys Hoskins 0-0: Ball
1-0: SINGLE (Line Drive, 6D, EV 96.9 MPH)
Batting: RHB Matt Chapman 0-0: Ball
1-0: Foul Ball, location: 2F
Pickoff Throw to First - Out! 1-3 CS
1-1: Foul Ball, location: 7LMF
1-2: Ball
2-2: Strikes out swinging
Top of the 7th over - 0 runs, 1 hit, 0 errors, 0 left on base; Kansas City 7 - Minnesota 3
BOTTOM OF THE 7TH
Minnesota Twins batting - Pitching for Kansas City Royals : RHP Lance McCullers
Batting: RHB Andrew McCutchen 0-0: Foul Ball, location: 5FF
0-1: Ball
1-1: Ball
2-1: Swinging Strike
2-2: Strikes out looking
Pinch Hitting: LHB Brandon Crawford 0-0: Ball
1-0: Ball
2-0: Ground out 6-3 (Groundball, 4MS, EV 88.8 MPH)
Batting: RHB Patrick Wisdom 0-0: Called Strike
0-1: Ball
1-1: Called Strike
1-2: Strikes out swinging
Bottom of the 7th over - 0 runs, 0 hits, 0 errors, 0 left on base; Kansas City 7 - Minnesota 3
TOP OF THE 8TH
Kansas City Royals batting - Pitching for Minnesota Twins : RHP Hagen Danner
Now in RF: Matt Carpenter
Batting: LHB Daulton Varsho 0-0: Swinging Strike
0-1: Foul Ball, location: 2F
0-2: Fly out, F8 (Flyball, 8LD, EV 111.3 MPH)
Batting: RHB Mark Canha 0-0: Called Strike
0-1: DOUBLE (Line Drive, 7LS, EV 105.6 MPH)
Batting: RHB Justin Foscue 0-0: Foul Ball, location: 3F
0-1: Ball
1-1: Foul Ball, location: 23FF
1-2: Strikes out swinging
Batting: LHB Corbin Carroll 0-0: Called Strike
0-1: Foul Ball, location: 7LSF
0-2: Strikes out swinging
Top of the 8th over - 0 runs, 1 hit, 0 errors, 1 left on base; Kansas City 7 - Minnesota 3
BOTTOM OF THE 8TH
Minnesota Twins batting - Pitching for Kansas City Royals : RHP Lance McCullers
Batting: RHB C.J. Cron 0-0: Hit by Pitch
Pitching: RHP Jhoan Duran
Batting: RHB Paul Dejong 0-0: Ball
1-0: Ball
2-0: Ball
3-0: Called Strike
3-1: Base on Balls
C.J. Cron to second
Batting: RHB Max Stassi 0-0: Foul Ball, location: 23F
0-1: Foul Ball, location: 2F
0-2: Strikes out swinging
Batting: RHB Kevin Newman 0-0: Called Strike
0-1: Called Strike
0-2: Strikes out looking
Batting: LHB Sam Hilliard 0-0: Called Strike
0-1: Swinging Strike
0-2: Ball
1-2: Strikes out swinging
Bottom of the 8th over - 0 runs, 0 hits, 0 errors, 2 left on base; Kansas City 7 - Minnesota 3
TOP OF THE 9TH
Kansas City Royals batting - Pitching for Minnesota Twins : RHP Hagen Danner
Pitching: RHP Johan Oviedo
Batting: RHB J.T. Realmuto 0-0: Ground out 5-3 (Groundball, 56, EV 98.8 MPH)
Batting: RHB Willy Adames 0-0: Foul Ball, location: 2F
0-1: Foul Ball, location: 7LSF
0-2: Ground out 6-3 (Groundball, 56, EV 76.9 MPH)
Batting: LHB Rafael Devers 0-0: Ball
1-0: Foul Ball, location: 2F
1-1: Ground out 4-3 (Groundball, 34, EV 110.0 MPH)
Top of the 9th over - 0 runs, 0 hits, 0 errors, 0 left on base; Kansas City 7 - Minnesota 3
BOTTOM OF THE 9TH
Minnesota Twins batting - Pitching for Kansas City Royals : RHP Jhoan Duran
Batting: LHB Garrett Mitchell 0-0: Called Strike
0-1: Called Strike
0-2: Ball
1-2: Ground out 6-3 (Groundball, 6, EV 90.0 MPH)
Batting: RHB Andrew McCutchen 0-0: Ball
1-0: Ground out 6-3 (Groundball, 6MD, EV 96.3 MPH)
Batting: LHB Matt Carpenter 0-0: Fly out, F9 (Line Drive, 9LM, EV 90.6 MPH)
Bottom of the 9th over - 0 runs, 0 hits, 0 errors, 0 left on base; Kansas City 7 - Minnesota 3
Thursday, August 15th , 2024 - OOTP Baseball 25.7 Build 80